 Dungeon Crawl Stone Soup version 0.29-a0-284-gf9362112df (webtiles) character file.

Game seed: 11837126744570810318

86 ders the Magician (level 4, -1/31 HPs)
             Began as a Djinni Conjurer on Mar 30, 2022.
             Killed by divine providence
             ... invoked by an orc priest
              (13 damage)
             ... on level 3 of the Dungeon on Mar 31, 2022.
             The game lasted 00:02:21 (2185 turns).

ders the Magician (Djinni Conjurer)                 Turns: 2185, Time: 00:02:22

Health: -1/31      AC:  3    Str:  6    XL:     4   Next: 78%
Gold:   59         EV: 12    Int: 21    God:
                   SH:  0    Dex: 12

rFire   + + .      SeeInvis .   (no weapon)
rCold   x . .      Faith    .   (no shield)
rNeg    . . .      Spirit   .   a - +0 robe
rPois   ∞          Reflect  .   (no helmet)
rElec   .          Harm     .   h - +0 cloak
rCorr   .          Rampage  .   (no gloves)
Will    .....                   (boots unavailable)
Stlth   ++........              (no amulet)
HPRegen 0.10/turn               (no ring)
MPRegen 0.00/turn               (no ring)

@: flying
A: sickness immunity, fire resistance 2, cold vulnerability 1, float, innate
caster, HP casting, extra vitality 1
a: no special abilities


You were on level 3 of the Dungeon.
You visited 1 branch of the dungeon, and saw 3 of its levels.

You collected 59 gold pieces.

Inventory:

Armour
 a - a +0 robe (worn)
 h - a +0 cloak (worn)
 m - the +1 ring mail "Derhoyd" {rCorr Stlth+}
   (You found it on level 2 of the Dungeon)

   rCorr:     It protects you from acid and corrosion.
   Stlth:     It makes you more stealthy.
Jewellery
 f - a ring of resist corrosion
 g - an amulet of the acrobat
Scrolls
 b - a scroll of amnesia {unknown}
 c - 2 scrolls of identify {unknown}
 j - a scroll of fog {unknown}
 k - 2 scrolls of torment {unknown}
Potions
 d - a potion of mutation {unknown}
 e - a potion of curing {unknown}
 i - a potion of invisibility {unknown}
 l - a potion of might {unknown}


   Skills:
 - Level 2.1 Dodging
 - Level 1.5 Stealth
 + Level 4.6 Spellcasting


You couldn't memorise any spells.
You knew the following spells:

 Your Spells              Type           Power      Damage    Failure   Level
a - Magic Dart            Conj           96%        1d7       1%          1
b - Searing Ray           Conj           48%        2d6       2%          2
c - Dazzling Flash        Conj/Hex       48%        N/A       4%          3
d - Fulminant Prism       Conj/Hex       12%        3d9       17%         4
e - Iskenderun's Mystic   Conj/Tloc      24%        2d7       17%         4
f - Freeze                Ice            96%        1d11      1%          1
Your spell library was empty.

Dungeon Overview and Level Annotations

Branches:
Dungeon (3/15)

Altars:

Shops:
D:2 [


Innate Abilities, Weirdness & Mutations

You are immune to sickness and miasma.
You are immune to poison.
Your flesh is very heat resistant. (rF++)
You are vulnerable to cold. (rC-)
You float through the air rather than walking.
You learn spells naturally, not from books.
Your magical power is your life essence.
You have superior vitality. (+4 MHP)


Message History

An orc priest comes into view. It is wielding a +0 hand axe.
An orc priest is nearby!
Casting: Magic Dart (safe; 1% risk of failure)
Confirm with . or Enter, or press ? or * to list all spells.
Aiming: Magic Dart (safe; 1% risk of failure)
Press: ? - help, Shift-Dir - straight line, f - orc priest
Aim: an orc priest, wielding a +0 hand axe (wandering, hasn't noticed you, 100% to hit)
The magic dart hits the orc priest.
The orc priest is moderately wounded.
The orc priest shouts!
The orc priest calls down the wrath of Beogh upon you.
Beogh smites you!
Unknown command.
Casting: Magic Dart (safe; 1% risk of failure)
Confirm with . or Enter, or press ? or * to list all spells.
Aiming: Magic Dart (safe; 1% risk of failure)
Press: ? - help, Shift-Dir - straight line, f/p - orc priest
Aim: an orc priest, wielding a +0 hand axe (moderately wounded, 100% to hit)
The magic dart hits the orc priest.
The orc priest is heavily wounded.
The orc priest looks satisfied for a moment.
Unknown command.
Casting: Magic Dart (safe; 1% risk of failure)
Confirm with . or Enter, or press ? or * to list all spells.
Aiming: Magic Dart (safe; 1% risk of failure)
Press: ? - help, Shift-Dir - straight line, f/p - orc priest
Aim: an orc priest, wielding a +0 hand axe (heavily wounded, 100% to hit)
The magic dart hits the orc priest.
The orc priest is almost dead.
Unknown command.
Casting: Magic Dart (safe; 1% risk of failure)
Confirm with . or Enter, or press ? or * to list all spells.
Aiming: Magic Dart (safe; 1% risk of failure)
Press: ? - help, Shift-Dir - straight line, f/p - orc priest
Aim: an orc priest, wielding a +0 hand axe (almost dead, 100% to hit)
The magic dart hits the orc priest.
The orc priest is almost dead.
The orc priest mumbles some strange prayers to Beogh against you.
Beogh smites you!
You die...

.## . ... .. .. ...
.# .o.. ##.# ..#
.)... ##..# ..##
.....)#..## ...
..)....@..###.###
................###
##....#......##.>.#
###...###.....##..
#.#...........#
#..####.<##..#...
#. #...# .# #.
#..#<. .. #.###.#
.#


You could see an orc priest.

Vanquished Creatures
  3 adders (D:2)
  A worm (D:2)
  A dart slug (D:2)
  4 orcs (D:3)
  2 endoplasms (D:1)
  2 giant cockroaches (D:1)
  3 goblins (D:2)
  5 hobgoblins
  10 jackals
  A quokka (D:1)
  4 ball pythons
  2 bats
  A frilled lizard (D:2)
  4 kobolds
  3 rats
46 creatures vanquished.

Vanquished Creatures (others)
  3 plants (D:2)
3 creatures vanquished.

Grand Total: 49 creatures vanquished

Notes
Turn   | Place    | Note
-------+----------+-------------------------------------------
     0 | D:1      | ders the Djinni Conjurer began the quest for the Orb.
     0 | D:1      | Reached XP level 1. HP: 15/15 MP: 0/0
     2 | D:1      | Noticed a demonspawn
     2 | D:1      | Noticed an elf
     4 | D:1      | Noticed a troll
     4 | D:1      | Noticed a demigod
     6 | D:1      | Noticed a gargoyle
     8 | D:1      | Noticed a felid
     8 | D:1      | Noticed a vine stalker
    10 | D:1      | Noticed a human
    12 | D:1      | Noticed a draconian
    12 | D:1      | Noticed a formicid
    14 | D:1      | Noticed a vampire
    14 | D:1      | Noticed a minotaur
    16 | D:1      | Noticed a spriggan
    16 | D:1      | Noticed a tengu
    19 | D:1      | Noticed a naga
    19 | D:1      | Noticed an ogre
    21 | D:1      | Noticed a merfolk
    23 | D:1      | Noticed a dwarf
    25 | D:1      | Noticed an octopode
    27 | D:1      | Noticed a ghoul
   353 | D:1      | Reached XP level 2. HP: 17/21 MP: 0/0
  1049 | D:2      | Reached XP level 3. HP: 23/25 MP: 0/0
  1049 | D:2      | Learned a level 1 spell: Freeze
  1053 | D:2      | Reached skill level 4 in Spellcasting
  1250 | D:2      | Reached XP level 4. HP: 13/31 MP: 0/0
  1576 | D:2      | Identified the +1 ring mail "Derhoyd" {rCorr Stlth+}
  1712 | D:2      | Found Guprupa's Armour Shop.
  2185 | D:3      | Killed from afar by an orc priest

Illustrated notes

Levels and vault maps discovered:
D:1:      kb_arrival_jail, layout_loops_ring
D:2:      layout_rooms, serial_shops, shop, serial_bayou_pond_a,
          chequers_big_river, chequers_serial_rivers_micro_a
D:3:      layout_rooms, hellmonk_ecumenical_altar_crossroads

Skill      XL: |  1  2  3 |
---------------+----------+-----
Spellcasting   | 4 |  4.6
Dodging        | |  2.1
Stealth        | |  1.5

Action                   |  1- 3 |  4- 6 || total
-------------------------+-------+-------++-------
 Cast: Magic Dart        |    52 |    38 ||    90
       Freeze            |     3 |       ||     3
       Dazzling Flash    |       |     1 ||     1
       Searing Ray       |       |     1 ||     1
Armor: Robe              |     1 |     1 ||     2
Dodge: Dodged            |     4 |     3 ||     7

Table legend: (Time is in decaauts)
 A = Elapsed time spent in this place.
 B = Non-inter-level travel time spent in this place.
 C = Inter-level travel time spent in this place.
 D = Time resting spent in this place.
 E = Time spent auto-exploring this place.
 F = Levels seen in this place.
 G = Mean time per level.
                   A        B        C        D        E       F      G
               +--------+--------+--------+--------+--------+-----+--------+
         Total |   2184 |   2146 |     38 |      0 |   1948 |   3 |  728.0 |
       Dungeon |   2184 |   2146 |     38 |      0 |   1948 |   3 |  728.0 |
               +--------+--------+--------+--------+--------+-----+--------+

Top non-repeatable levels by time:
     D:2: 1130 daAuts
     D:1: 1018 daAuts
     D:3: 35 daAuts
